 Dungeon Crawl Stone Soup version 0.29-a0-551-gffc1d7fb78 (webtiles) character file.

Game seed: 8175669427598396875

60 kyalle the Scratcher (level 3, -8/18 HPs)
             Began as a Felid Fighter on June 5, 2022.
             Mangled by an orc priest
             ... wielding a +0 war axe
              (10 damage)
             ... on level 3 of the Dungeon.
             The game lasted 00:05:25 (3294 turns).

kyalle the Scratcher (Felid Fighter)                Turns: 3294, Time: 00:05:26

Health: -8/18      AC:  1    Str: 14    XL:     3   Next: 82%
Magic:  4/4        EV: 18    Int:  9    God:
Gold:   68         SH:  0    Dex: 15    Spells: 2/2 levels left
                                        Lives:  0   Deaths: 0

rFire   . . .      SeeInvis +     - Unarmed
rCold   . . .      Faith    .   (shield unavailable)
rNeg    . . .      Spirit   .   (body armour unavailable)
rPois   .          Reflect  .   (helmet unavailable)
rElec   .          Harm     .   (cloak unavailable)
rCorr   .          Rampage  .   (gloves unavailable)
Will    .....                   (boots unavailable)
Stlth   +.........              (no amulet)
HPRegen 0.06/turn               (no ring)
MPRegen 0.09/turn               (no ring)

@: quick
A: very small, claws 1, fangs 3, see invisible, speed 1, shaggy fur 1, stealthy
paws, no weapons or thrown items, no armour, multi-lived
a: no special abilities


You were on level 3 of the Dungeon.
You visited 1 branch of the dungeon, and saw 3 of its levels.

You collected 68 gold pieces.

Inventory:

Jewellery
 i - a ring of protection from fire
Scrolls
 h - a scroll of amnesia {unknown}
Potions
 a - 2 potions of might
 b - 2 potions of ambrosia {unknown}
 c - 3 potions of berserk rage {unknown}
 d - a potion of heal wounds {unknown}
 e - a potion of mutation {unknown}
 f - 2 potions of brilliance {unknown}
 g - a potion of curing {unknown}


   Skills:
 * Level 3.8 Fighting
 + Level 4.5 Dodging
 * Level 4.6 Unarmed Combat


You had 2 spell levels left.
You didn't know any spells.
Your spell library contained the following spells:

 Spells                   Type           Power      Damage    Failure   Level
 Poisonous Vapours        Pois/Air       0%         N/A       52%         2
 Corpse Rot               Necr/Pois/Air  0%         N/A       99%         4


Dungeon Overview and Level Annotations

Branches:
Dungeon (3/15)

Altars:
Kikubaaqudgha

Shops:
D:1 (


Innate Abilities, Weirdness & Mutations

You have sharp claws.
You have razor-sharp teeth.
You have supernaturally acute eyesight. (SInv)
You cover ground quickly. (Speed+)
You are covered in fur. (AC +1)
Your paws help you pounce on unaware monsters.
You are incapable of wielding weapons or throwing items.
You cannot wear armour.
You gain extra lives every three experience levels.


Message History

An orc comes into view. It is wielding a +0 dagger.
The orc shouts!
An orc comes into view. It is wielding a +0 short sword.
The orc priest shouts!
You scratch the orc.
The orc is heavily wounded.
You hear a shout!
The orc closely misses you.
You barely miss the orc. You bite the orc.
The orc is almost dead.
The orc barely misses you.
You scratch the orc but do no damage.
The orc is almost dead.
You scratch the orc.
You kill the orc!
Things that are here:
a +0 club; a +0 chain mail; an orc corpse The orc completely misses you.
The orc priest looks encouraged for a moment.
The orc barely misses you.
You barely miss the orc. The orc hits you with a +0 mace.
The orc priest calls down the wrath of Beogh upon you.
Beogh smites you!
Ouch! That really hurt!
* * * LOW HITPOINT WARNING * * *
You scratch the orc. You claw the orc.
You kill the orc!
Things that are here:
a +0 mace; an orc corpse You scratch the orc priest.
The orc priest is moderately wounded.
The orc priest hits you with a +0 war axe.
* * * LOW HITPOINT WARNING * * *
The orc closely misses you.
You scratch the orc priest.
The orc priest is severely wounded.
The orc barely misses you.
The orc priest hits you with a +0 war axe!
Ouch! That really hurt!
You die...

#.....# #.#.#.#
#.....# #.....#
#.#.#.# #..)..#
##### #.....#
#.#...### #.#.#.#
#.#.#.#<# #...@o#
#.#.#.#.# #..oo)#
#.#.#.#.# #.#.#.#
#.#.#.#.# #.....#
#.#.#.#.#
#.....######.#.#...#
#.#.#.#.......)#####
#.....#.########
#.....#.# #.#.#.#.#


You could see an orc priest and 2 orcs.

Vanquished Creatures
  An adder (D:2)
  2 dart slugs (D:2)
  6 orcs
  5 endoplasms
  2 giant cockroaches
  3 goblins
  2 hobgoblins
  A quokka (D:1)
  3 ball pythons (D:1)
  5 bats
  2 frilled lizards
  3 kobolds (D:1)
  3 rats (D:1)
38 creatures vanquished.

Vanquished Creatures (others)
  4 demonic plants (D:2)
4 creatures vanquished.

Grand Total: 42 creatures vanquished

Notes
Turn   | Place    | Note
-------+----------+-------------------------------------------
     0 | D:1      | kyalle the Felid Fighter began the quest for the Orb.
     0 | D:1      | Reached XP level 1. HP: 10/10 MP: 2/2
   380 | D:1      | Found a faded altar of an unknown god.
   584 | D:1      | Reached XP level 2. HP: 11/14 MP: 3/3
  1148 | D:1      | Found Nietewus's Antique Weapon Shop.
  2060 | D:2      | Found an ancient bone altar of Kikubaaqudgha.
  2110 | D:2      | Reached XP level 3. HP: 14/17 MP: 4/4
  3294 | D:3      | Mangled by an orc priest

Illustrated notes

Levels and vault maps discovered:
D:1:      eino_arrival_cavern_a, layout_basic, serial_shops,
          nicolae_lakefront_shop, shapermc_ecumenical_altar_mp_ritualfount
D:2:      layout_basic, basic_altar, dreamdust_princess_corridor,
          nrook_campfire, hangedman_decor_push
D:3:      layout_basic, chequers_serial_rivers_marsh, columned_hall_lemuel

Action                   || total
-------------------------++-------
Melee: Unarmed           ||   101
       Bite              ||    12
       Punch             ||     3
  Use: Scroll            ||     3
 Stab: Sleeping          ||     2
Armor: Skin              ||     2
Dodge: Dodged            ||   105

Table legend: (Time is in decaauts)
 A = Elapsed time spent in this place.
 B = Non-inter-level travel time spent in this place.
 C = Inter-level travel time spent in this place.
 D = Time resting spent in this place.
 E = Time spent auto-exploring this place.
 F = Levels seen in this place.
 G = Mean time per level.
                   A        B        C        D        E       F      G
               +--------+--------+--------+--------+--------+-----+--------+
         Total |   2943 |   2760 |    183 |      0 |   2400 |   3 |  981.0 |
       Dungeon |   2943 |   2760 |    183 |      0 |   2400 |   3 |  981.0 |
               +--------+--------+--------+--------+--------+-----+--------+

Top non-repeatable levels by time:
     D:1: 1679 daAuts
     D:2: 1207 daAuts
     D:3: 56 daAuts
